 Dungeon Crawl Stone Soup version 0.20.1-1-g8b1a95d (webtiles) character file.

344 Golfball the Cudgeler (level 6, -6/58 HPs)
             Began as a Minotaur Chaos Knight on Aug 9, 2017.
             Mangled by an ogre
             ... wielding a +0 giant club
              (10 damage)
             ... on level 5 of the Dungeon.
             The game lasted 00:09:28 (2633 turns).

Golfball the Cudgeler (Minotaur Chaos Knight)       Turns: 2633, Time: 00:09:29

Health: -6/58      AC:  6    Str: 18    XL:     6   Next: 31%
Magic:  5/5        EV: 11    Int:  9    God:    Xom [.*....]
Gold:   89         SH:  0    Dex: 10    Spells: 5/5 levels left

rFire    . . .     SeeInvis .   a - +1 mace (chaos)
rCold    . . .     Gourm    .   (no shield)
rNeg     . . .     Faith    .   b - +3 leather armour
rPois    .         Spirit   .   (helmet restricted)
rElec    .         Reflect  .   (no cloak)
rCorr    .         Harm     .   (no gloves)
MR       .....                  (no boots)
Stlth    +.........             (no amulet)
Regen    0.2/turn               (no ring)
MPRegen  0.1/turn               (no ring)

@: no status effects
A: retaliatory headbutt, horns 2
a: Renounce Religion


You were on level 5 of the Dungeon.
You worshipped Xom.
You were a plaything of Xom.
You were not hungry.

You visited 1 branch of the dungeon, and saw 4 of its levels.

You collected 89 gold pieces.

Inventory:

Hand Weapons
 a - a +1 mace of chaos (weapon)
 l - a +1 dagger of venom
Armour
 b - a +3 leather armour (worn)
Potions
 e - a potion of berserk rage
 h - 2 potions of haste
Comestibles
 c - 2 bread rations
 d - 2 fruits
 f - 6 chunks of flesh
 g - 2 meat rations


   Skills:
 + Level 6.5 Fighting
 + Level 6.6 Maces & Flails
 - Level 2.4 Armour
 - Level 1.1 Dodging


You had 5 spell levels left.
You didn't know any spells.

Dungeon Overview and Level Annotations

Branches:
Dungeon (3/15)

Altars:
Okawaru


Innate Abilities, Weirdness & Mutations

You reflexively headbutt those who attack you in melee.
You have a pair of horns on your head.


Message History

You closely miss the centaur.
The centaur is almost dead.
The centaur hits you!
* * * LOW HITPOINT WARNING * * *
The adder bites you but does no damage. The centaur closely misses you.
You hit the centaur.
You kill the centaur!
You have reached level 6!
Your experience leads to an increase in your attributes!
Increase (S)trength, (I)ntelligence, or (D)exterity?
You feel stronger. The adder completely misses you.
The adder bites you but does no damage.
You hit the adder. You burn the adder. Your headbutt misses the adder.
The adder is almost dead.
The adder bites you but does no damage.
You sock the adder! You burn the adder.
You kill the adder!
The ogre hits you with a giant club!
You die...
Xom chuckles heartily!

..# ...#
######. ....#
#...... ....#
#...... ....#
#...... ###.#
#).....
#/.....########
#(....O)......#
#......@......#
######.........
#.$......#
.........#
.......>..#
.......###.#
#.......# #
#.......#


You could see an ogre.

Vanquished Creatures
  2 centaurs
  A bullfrog skeleton (D:5)
  A worker ant (D:5)
  5 adders
  2 oozes (D:1)
  3 worms
  A dart slug (D:3)
  A leopard gecko (D:2)
  2 orcs (D:3)
  5 giant cockroaches
  8 goblins
  8 hobgoblins
  2 jackals (D:2)
  11 kobolds
  A quokka (D:2)
  6 bats
  5 frilled lizards
  11 rats
75 creatures vanquished.

Notes
Turn   | Place    | Note
-------+----------+-------------------------------------------
     0 | D:1      | Golfball the Minotaur Chaos Knight began the quest for the Orb.
     0 | D:1      | Reached XP level 1. HP: 19/19 MP: 0/0
   233 | D:1      | Reached XP level 2. HP: 27/27 MP: 1/1
   495 | D:1      | XOM: cloud trail
   570 | D:1      | XOM: silly message
   649 | D:1      | XOM: divination: magic mapping
   656 | D:1      | XOM: scenery: 1 doors close
   807 | D:2      | XOM: divination: magic mapping
   808 | D:2      | Reached XP level 3. HP: 34/34 MP: 2/2
   856 | D:2      | Found an iron altar of Okawaru.
  1133 | D:2      | XOM: silly message
  1160 | D:2      | XOM: 4-stop teleportation journey
  1347 | D:2      | XOM: medium Necr miscast
  1348 | D:2      | Noticed a shadow
  1348 | D:2      | Noticed a shadow
  1362 | D:2      | XOM: smoke on damage
  1512 | D:2      | XOM: severe Tmut miscast
  1643 | D:2      | XOM: silly message
  1754 | D:2      | Reached skill level 5 in Maces & Flails
  1819 | D:2      | Reached XP level 4. HP: 39/41 MP: 3/3
  1927 | D:2      | XOM: harmless Pois miscast
  1974 | D:3      | Reached skill level 5 in Fighting
  1976 | D:3      | Noticed a centaur
  1976 | D:3      | a worm changed into a centaur
  1981 | D:3      | Killed a centaur
  1981 | D:3      | Reached XP level 5. HP: 15/48 MP: 4/4
  2579 | D:3      | You fall through a shaft for 2 floors!
  2579 | D:5      | Entered Level 5 of the Dungeon
  2627 | D:5      | XOM: 1-stop teleportation journey
  2628 | D:5      | Noticed a centaur
  2628 | D:5      | Noticed an ogre
  2631 | D:5      | Killed a centaur
  2631 | D:5      | Reached XP level 6. HP: 3/58 MP: 5/5
  2633 | D:5      | Mangled by an ogre

Skill      XL: |  1  2  3  4  5 |
---------------+----------------+-----
Fighting       | 4 5 6 |  6.5
Maces & Flails | 4 5 6 |  6.6
Armour         | |  2.4
Dodging        | |  1.1

Action                   |  1- 3 |  4- 6 || total
-------------------------+-------+-------++-------
Melee: Mace              |    98 |    69 ||   167
       Headbutt          |    17 |     9 ||    26
  Use: Scroll            |     6 |     3 ||     9
       Potion            |       |     1 ||     1
 Stab: Petrifying        |       |     1 ||     1
       Sleeping          |       |     1 ||     1
  Eat: Chunk             |     3 |     3 ||     6
Armor: Leather armour    |    40 |    20 ||    60
       Skin              |     6 |       ||     6
Dodge: Dodged            |    60 |    41 ||   101
